 Dungeon Crawl Stone Soup version 0.28-a0-1435-g82390b3a13 (webtiles) character file.

Game seed: 15259463692557958075

39 hashsling the Grave Robber (level 3, 25/25 HPs)
             Began as a Mummy Necromancer on Jan 9, 2022.
             Was an Initiate of Ashenzari.
             Quit the game on level 1 of the Dungeon.
             The game lasted 00:10:26 (1169 turns).

hashsling the Grave Robber (Mummy Necromancer)      Turns: 1169, Time: 00:10:26

Health: 25/25      AC:  4    Str: 11    XL:     3   Next: 28%
Magic:  7/7        EV: 11    Int: 16    God:    Ashenzari [......]
Gold:   44         SH:  3    Dex: 12    Spells: 4/8 levels left

rFire   x . .      SeeInvis .   f - +0 short sword (venom)
rCold   + . .      Faith    .   c - +0 buckler
rNeg    + + +      Spirit   .   a - +0 robe
rPois   ∞          Reflect  .   (no helmet)
rElec   .          Harm     .   (no cloak)
rCorr   .          Rampage  .   g - +1 pair of gloves
Will    .....                   (no boots)
Stlth   ++........              (no amulet)
HPRegen 0.08/turn               (no ring)
MPRegen 0.10/turn               (no ring)

@: no status effects
A: cold resistance 1, negative energy resistance 3, torment resistance 2, heat
vulnerability 1, no potions
a: Renounce Religion, Curse Item


You were on level 1 of the Dungeon.
You worshipped Ashenzari.
Ashenzari was noncommittal.
You visited 1 branch of the dungeon, and saw 1 of its levels.

You collected 44 gold pieces.

Inventory:

Hand Weapons
 b - a +0 dagger
 e - a +0 quarterstaff
 f - a +0 short sword of venom (weapon)
Missiles
 d - 43 stones (quivered)
Armour
 a - a +0 robe (worn)
 c - a +0 buckler (worn)
 g - a +1 pair of gloves (worn)
Scrolls
 h - a scroll of magic mapping {unknown}


   Skills:
 * Level 0.9 Fighting
 * Level 1.6 Dodging
 * Level 1.7 Stealth
 * Level 3.2 Spellcasting
 * Level 4.5 Necromancy
 * Level 0.5 Invocations


You had 4 spell levels left.
You knew the following spells:

 Your Spells              Type           Power      Damage    Failure   Level
a - Pain                  Necr           68%        1d7       3%          1
b - Corpse Rot            Necr/Air       18%        N/A       14%         2
q - Animate Skeleton      Necr           34%        N/A       3%          1

Your spell library contained the following spells:

 Spells                   Type           Power      Damage    Failure   Level
 Vampiric Draining        Necr           17%        2d7       12%         3
 Animate Dead             Necr           8%         N/A       36%         4
 Dispel Undead            Necr           17%        3d10      36%         4
 Agony                    Necr           17%        N/A       71%         5
 Death Channel            Necr           8%         N/A       99%         6


Dungeon Overview and Level Annotations

Branches:
Dungeon (1/15)

Altars:
Ashenzari


Innate Abilities, Weirdness & Mutations

You are immune to poison.
Your flesh is cold resistant. (rC+)
You are immune to negative energy. (rN+++)
You are immune to unholy pain and torment.
You are vulnerable to heat. (rF-)
You do not drink.


Message History

Casting: Pain (safe; 3% risk of failure)
Confirm with . or Enter, or press ? or * to list all spells.
Aiming: Pain (safe; 3% risk of failure)
Press: ? - help, Shift-Dir - straight line, f/p - bat
Aim: a bat (chance to affect: 87%)
The bat barely resists.
The bat hits you but does no damage.
Casting: Pain (safe; 3% risk of failure)
Confirm with . or Enter, or press ? or * to list all spells.
Aiming: Pain (safe; 3% risk of failure)
Press: ? - help, Shift-Dir - straight line, f/p - bat
Aim: a bat (chance to affect: 87%)
You miscast Pain.
You are very lightly contaminated with residual magic.
Nothing appears to happen.
The bat closely misses you.
Casting: Pain (safe; 3% risk of failure)
Confirm with . or Enter, or press ? or * to list all spells.
Aiming: Pain (safe; 3% risk of failure)
Press: ? - help, Shift-Dir - straight line, f/p - bat
Aim: a bat (chance to affect: 87%)
The bat writhes in agony.
You kill the bat!
Your magical contamination has completely faded away.
d - 43 stones (gained 1)
Found a pair of glowing gloves.
Found a faded altar of an unknown god.
You see here a +1 pair of gloves.
g - a +1 pair of gloves You start putting on your armour.
You continue putting on your +1 pair of gloves. x4
You finish putting on your +1 pair of gloves.
There is a faded altar of an unknown god here.
You cannot tell which god this altar belongs to.
Convert to them anyway?
Ashenzari accepts your prayer! Ashenzari welcomes you!
Ashenzari warns you of distant threats and treasures.
Ashenzari reveals the structure of the dungeon to you.
Ashenzari shows you where magical portals lie.
Ashenzari invites you to partake of a vision and a curse of elements and fortitude.
h - a scroll labelled UJOSOK VUMO
Okay, then.
Unknown command.
Are you sure you want to abandon this character and quit the game? (Confirm with "yes".)

###############
#.......... ..#
####.#####..# #.#
.)...#####..####.#
###............#.#
#..##.#...##.#.#
#..##.#...##.#@#
#..............#
##.####.####.###
##.####.# #.#
#.......# #..
#.....### ....
#.....# ##...
#...._# # #..#
#.....# .# ..#


There were no monsters in sight!

Vanquished Creatures
  4 bats (D:1)
  A giant cockroach (D:1)
  4 goblins (D:1)
  6 hobgoblins (D:1)
  4 jackals (D:1)
  A quokka (D:1)
  3 ball pythons (D:1)
  A frilled lizard (D:1)
  6 kobolds (D:1)
  4 rats (D:1)
34 creatures vanquished.

Vanquished Creatures (collateral kills)
  A ball python (D:1)
1 creature vanquished.

Grand Total: 35 creatures vanquished

Notes
Turn   | Place    | Note
-------+----------+-------------------------------------------
     0 | D:1      | hashsling the Mummy Necromancer began the quest for the
                  | Orb.
     0 | D:1      | Reached XP level 1. HP: 13/13 MP: 4/4
   128 | D:1      | Reached XP level 2. HP: 16/19 MP: 1/5
   464 | D:1      | Learned a level 1 spell: Animate Skeleton
   517 | D:1      | Learned a level 2 spell: Corpse Rot
   752 | D:1      | Reached XP level 3. HP: 25/25 MP: 3/7
  1142 | D:1      | Found a faded altar of an unknown god.
  1154 | D:1      | Prayed at the altar of an unknown god.
  1154 | D:1      | Became a worshipper of Ashenzari the Shackled
  1169 | D:1      | Quit the game

Illustrated notes

Levels and vault maps discovered:
D:1:      minmay_arrival_three_doors, layout_loops_cross,
          basic_ecumenical_altar, minmay_octomino_e4

Skill      XL: |  1  2 |
---------------+-------+-----
Spellcasting   | 3 |  3.2
Fighting       | |  0.9
Dodging        | |  1.6
Stealth        | |  1.7
Necromancy     | |  4.5
Invocations    | |  0.5

Action                   || total
-------------------------++-------
Melee: Dagger            ||    53
       Short sword       ||     6
       Quarterstaff      ||     1
Throw: Stone             ||     9
 Cast: Pain              ||    41
       Animate Skeleton  ||     7
  Use: Scroll            ||     1
Armor: Robe              ||    11
Dodge: Dodged            ||    45
Block: Buckler           ||     4

Table legend: (Time is in decaauts)
 A = Elapsed time spent in this place.
 B = Non-inter-level travel time spent in this place.
 C = Inter-level travel time spent in this place.
 D = Time resting spent in this place.
 E = Time spent auto-exploring this place.
 F = Levels seen in this place.
 G = Mean time per level.
                   A        B        C        D        E       F      G
               +--------+--------+--------+--------+--------+-----+--------+
         Total |   1169 |   1169 |      0 |      0 |    765 |   1 | 1169.0 |
       Dungeon |   1169 |   1169 |      0 |      0 |    765 |   1 | 1169.0 |
               +--------+--------+--------+--------+--------+-----+--------+

Top non-repeatable levels by time:
     D:1: 1169 daAuts
